 Dungeon Crawl Stone Soup version 0.19-b1-3-g7dea586 (webtiles) character file.

4205 Ladykiller69 the Carver (level 10, -6/76 HPs)
             Began as a Formicid Fighter on Oct 29, 2016.
             Was a Believer of Cheibriados.
             Killed from afar by Azrael (21 damage)
             ... with damnation
             ... on level 15 of the Dungeon.
             The game lasted 00:22:12 (7973 turns).

Ladykiller69 the Carver (Formicid Fighter)          Turns: 7973, Time: 00:22:14

Health: -6/76      AC:  8    Str: 25    XL:     10   Next: 54%
Magic:  21/21      EV: 11    Int: 12    God:    Cheibriados [**....]
Gold:   329        SH: 12    Dex: 14    Spells: 0 memorised, 9 levels left

rFire  + . .     SeeInvis +     a - +0 long sword
rCold  + + .     Gourm    .     w - +5 scale mail of Henotheism {rF+ rC++ MP+9 Str-3}
rNeg   . . .     Faith    .     c - +0 shield
rPois  .         Spirit   .     (helmet unavailable)
rElec  .         Reflect  .     (no cloak)
rCorr  .         Harm     .     (no gloves)
MR     +....                    (no boots)
Stlth  ..........               (no amulet)
                                (no ring)
                                (no ring)

@: corroded, very slow
A: permanent stasis, dig shafts and tunnels, four strong arms, antennae 3, claws
1
a: Dig, Shaft Self, Bend Time, Renounce Religion


You were on level 15 of the Dungeon.
You worshipped Cheibriados.
Cheibriados was pleased with you.
You were hungry.

You visited 2 branches of the dungeon, and saw 13 of its levels.

You collected 329 gold pieces.

Inventory:

Hand Weapons
 a - a +0 long sword (weapon)
 y - a +1 whip of electrocution
Missiles
 e - 192 stones (quivered)
Armour
 b - a +0 scale mail
 c - a +0 shield (worn)
 w - the +5 scale mail of Henotheism (worn) {rF+ rC++ MP+9 Str-3}
   (You found it on level 4 of the Dungeon)

   It affects your strength (-3).
   It protects you from fire.
   It greatly protects you from cold.
   It affects your magic capacity (+9).
 A - a +0 scale mail
Jewellery
 g - an uncursed amulet of regeneration {unknown}
 i - an uncursed amulet of harm {unknown}
 t - a +4 amulet of reflection {unknown}
 D - an uncursed amulet of faith {unknown}
 J - a cursed ring of loudness {unknown}
Wands
 z - a wand of confusion (24/48)
 H - a wand of acid (11/15)
 L - a wand of lightning (5/15)
Scrolls
 d - 2 scrolls of noise {unknown}
 j - 6 scrolls of identify {unknown}
 m - a scroll of amnesia {unknown}
 n - 4 scrolls of fog {unknown}
 p - 2 scrolls of remove curse {unknown}
 q - 5 scrolls of teleportation {unknown}
 E - 2 scrolls of blinking {unknown}
 F - a scroll of holy word {unknown}
 M - a scroll of acquirement {unknown}
Potions
 l - 2 potions of brilliance
 o - a potion of heal wounds {unknown}
 x - 2 potions of agility
 B - a potion of haste {unknown}
 C - a potion of flight {unknown}
 K - a potion of experience {unknown}
Books
 I - a book of Necromancy

   Spells                             Type                      Level
   a - Pain                           Necromancy                   1
   b - Animate Skeleton               Necromancy                   1
   c - Vampiric Draining              Necromancy                   3
   d - Regeneration                   Charms/Necromancy            3
   e - Animate Dead                   Necromancy                   4
   f - Control Undead                 Necromancy                   4
Comestibles
 f - 2 bread rations
 h - 2 slices of pizza
 k - 8 fruits
 r - a royal jelly
 u - 3 meat rations
 G - a beef jerky


   Skills:
 + Level 5.8 Fighting
 * Level 11.1 Long Blades
 + Level 5.0 Armour
 + Level 2.2 Dodging
 - Level 9.0 Shields
 + Level 2.8 Invocations


You had 9 spell levels left.
You didn't know any spells.

Dungeon Overview and Level Annotations

Branches:
Dungeon (15/15)            Temple (1/1) D:7            Lair (0/6) D:8
    Orc (0/2) D:10
 Vaults: D:13-14     Depths: D:15

Altars:
Ashenzari
Cheibriados
Dithmenos
Fedhas
Gozag
Hepliaklqana
Kikubaaqudgha
Makhleb
Nemelex Xobeh
Qazlal
Ru
Sif Muna
Trog
Uskayaw
Vehumet
Xom
Yredelemnul
Beogh

Shops:
D:7 *

Annotations:
D:1 hidin fokin masses
D:15 Azrael, Joseph


Innate Abilities, Weirdness & Mutations

You are under a permanent stasis effect.
You can dig through walls and to a lower floor.
Your four strong arms can wield two-handed weapons with a shield.
You have a pair of large antennae on your head. (SInv)
You have sharp fingernails.


Message History

Azrael screams, "Burn!
Burn!
All of it must BURN!"
The hell hound bites you.
* * * LOW HITPOINT WARNING * * *
You block the hell hound's attack.
You see here a murky grey potion.
You extend your mandibles.
You dig through the rock wall.
You block the hell hound's attack. x2
The hell hound bites you.
* * * LOW HITPOINT WARNING * * *
You dig through the rock wall.
The hell hound closely misses you.
You riposte.
You hit the hell hound but do no damage.
You block the hell hound's attack.
You dig through the rock wall.
The hell hound bites you but does no damage.
Joseph unwields an uncursed quarterstaff.
Joseph wields a hunting sling.
Joseph shoots a sling bullet.
You block the sling bullet. Azrael gestures at you.
The sphere of damnation explodes!
The damnation engulfs you!
You die...

..).... #.#
#.#
.....?)...#
#.. #.#
...)....(.#
##.# #.#
...(..(...##
.#
...(.......###
.# {
..........E#
..
...(.(@##ยง#
.##.<.RE#E#
##@##..E#
##hlh#{#
###.#.# {
..#.# { ####.#
#.# #.. ##


You could see Azrael, Joseph, a fire elemental, 2 hell hounds and a wyvern.

Vanquished Creatures
  A centaur warrior (D:14)
  A cyclops (D:14)
  4 yaks (D:8)
  2 porcupines (D:8)
  2 ice beasts
  2 phantoms
  A sky beast (D:7)
  The ghost of Rationalist the Chopper, an amateur DsGl (D:3)
  A centaur (D:8)
  A crocodile (D:8)
  A bullfrog (D:13)
  2 scorpions (D:6)
  5 wights (D:6)
  2 centaur zombies
  5 hounds
  A quasit (D:8)
  2 jellies
  5 orc priests
  An iguana (D:4)
  2 orc wizards
  A gnoll shaman (D:5)
  A worker ant (D:4)
  A killer bee zombie (D:7)
  3 hound skeletons
  A worker ant zombie (D:5)
  5 gnolls
  5 river rats (D:8)
  9 adders
  A shadow imp (D:6)
  9 oozes
  An adder skeleton (D:8)
  An adder zombie (D:7)
  7 worms
  A dart slug (D:3)
  7 leopard geckos
  23 orcs
  5 bats
  3 giant cockroaches
  4 hobgoblins
  14 jackals
  8 kobolds
  A frilled lizard (D:2)
  14 goblins
  A quokka skeleton (D:5)
  13 rats
181 creatures vanquished.

Vanquished Creatures (others)
  A centaur skeleton (D:15)
  A fungus (D:8)
  A plant (D:8)
3 creatures vanquished.

Grand Total: 184 creatures vanquished

Notes
Turn   | Place    | Note
-------+----------+-------------------------------------------
     0 | D:1      | Ladykiller69 the Formicid Fighter began the quest for the Orb.
     0 | D:1      | Reached XP level 1. HP: 18/18 MP: 1/1
     1 | D:1      | Found a runed door.
   323 | D:1      | Reached XP level 2. HP: 24/24 MP: 2/2
   670 | D:2      | Reached XP level 3. HP: 25/29 MP: 3/3
  1127 | D:2      | Reached XP level 4. HP: 20/37 MP: 4/4
  1353 | D:2      | Reached skill level 3 in Long Blades
  1826 | D:3      | Noticed Rationalist's ghost (amateur DsGl)
  1966 | D:3      | Reached XP level 5. HP: 41/42 MP: 5/5
  2618 | D:4      | Noticed a phantom
  2887 | D:4      | Reached skill level 4 in Long Blades
  3004 | D:4      | Reached XP level 6. HP: 39/48 MP: 6/6
  3018 | D:4      | Got a warped scale mail
  3029 | D:4      | Identified the +5 scale mail of Henotheism {rF+ rC++ MP+9 Str-3} (You found it on level 4 of the Dungeon)
  3586 | D:4      | Killed a phantom
  3586 | D:4      | Reached skill level 5 in Long Blades
  3586 | D:4      | Reached skill level 5 in Shields
  3586 | D:4      | Reached XP level 7. HP: 46/55 MP: 7/7
  3706 | D:5      | Entered Level 5 of the Dungeon
  4428 | D:5      | Reached skill level 5 in Fighting
  4510 | D:5      | Reached skill level 6 in Long Blades
  4709 | D:5      | Reached XP level 8. HP: 57/62 MP: 8/8
  5314 | D:6      | Reached skill level 7 in Long Blades
  5883 | D:7      | Reached skill level 8 in Long Blades
  5945 | D:7      | Found a staircase to the Ecumenical Temple.
  5947 | D:7      | Noticed a troll
  5961 | Temple   | Entered the Ecumenical Temple
  6054 | Temple   | Became a worshipper of Cheibriados the Contemplative
  6093 | D:7      | Found Napnu's Assorted Antiques.
  6217 | D:4      | Reached XP level 9. HP: 64/68 MP: 9/9
  6295 | D:3      | Killed Rationalist's ghost
  6367 | D:1      | Reached * piety under Cheibriados
  6784 | D:8      | Found a sacrificial altar of Ru.
  6867 | D:8      | Reached skill level 9 in Long Blades
  6982 | D:8      | Reached skill level 10 in Long Blades
  7014 | D:8      | Found a staircase to the Lair.
  7133 | D:8      | You fall through a shaft for 2 floors!
  7133 | D:10     | Entered Level 10 of the Dungeon
  7133 | D:10     | Found a staircase to the Orcish Mines.
  7133 | D:10     | Found a roughly hewn altar of Beogh.
  7136 | D:10     | You fall through a shaft for 3 floors!
  7173 | D:13     | Reached XP level 10. HP: 22/74 MP: 10/10
  7419 | D:13     | Noticed a hill giant
  7422 | D:13     | You fall through a shaft for 2 floors!
  7422 | D:15     | Entered Level 15 of the Dungeon
  7517 | D:14     | Noticed a cyclops
  7537 | D:14     | Killed a cyclops
  7537 | D:14     | Reached skill level 1 in Dodging
  7537 | D:14     | Reached skill level 1 in Invocations
  7544 | D:14     | Noticed a centaur warrior
  7557 | D:14     | Gained mutation: You have sharp fingernails. [potion of beneficial mutation]
  7575 | D:14     | Killed a centaur warrior
  7575 | D:14     | Reached ** piety under Cheibriados
  7575 | D:14     | Reached skill level 11 in Long Blades
  7588 | D:14     | Reached skill level 5 in Armour
  7909 | D:14     | Found a sacrificial altar of Ru.
  7956 | D:14     | Noticed a brown ugly thing
  7965 | D:14     | You fall through a shaft!
  7965 | D:15     | Noticed Joseph
  7965 | D:15     | Noticed Azrael
  7973 | D:15     | Killed from afar by Azrael

Skill      XL: |  1  2  3  4  5  6  7  8  9 10 |
---------------+-------------------------------+-----
Long Blades    | 3 4 5 6 8 10 11 | 11.1
Armour         | 4 5 |  5.0
Shields        | 4 5 7 9 |  9.0
Fighting       | 4 5 |  5.8
Dodging        | 2 |  2.2
Invocations    | 2 |  2.8

Action                   |  1- 3 |  4- 6 |  7- 9 | 10-12 || total
-------------------------+-------+-------+-------+-------++-------
Melee: Long sword        |    94 |   233 |   546 |    61 ||   934
Throw: Stone             |       |       |       |     2 ||     2
 Abil: Dig               |       |     1 |    13 |     5 ||    19
       Shaft Self        |       |       |     2 |     2 ||     4
  Use: Potion            |       |       |     1 |     5 ||     6
  Eat: Chunk             |     1 |     8 |    13 |     1 ||    23
       Beef jerky        |       |       |     1 |       ||     1
Armor: Scale mail        |    37 |    65 |   155 |    24 ||   281
Dodge: Dodged            |    32 |    55 |   158 |    38 ||   283
Block: Shield            |    49 |   112 |   233 |    63 ||   457
       Rpst.: Long sword |    16 |    18 |    38 |    13 ||    85
